 Dungeon Crawl Stone Soup version 0.23.2 (webtiles) character file.

Game seed: 2539405527045486128

7935 Gargoyl the Cleaver (level 11, 0/89 HPs)
             Began as a Centaur Abyssal Knight on Apr 3, 2019.
             Was a High Priest of Lugonu.
             Succumbed to Sonja's poison
             ... on level 10 of the Dungeon.
             The game lasted 00:20:13 (11677 turns).

Gargoyl the Cleaver (Centaur Abyssal Knight)       Turns: 11677, Time: 00:20:14

Health: 0/89       AC: 24    Str: 22    XL:     11   Next: 3%
Magic:  16/16      EV:  4    Int: 11    God:    Lugonu [*****.]
Gold:   520        SH:  3    Dex: 10    Spells: 10/10 levels left

rFire    . . .     SeeInvis .   a - +3 hand axe (flame)
rCold    . . .     Gourm    .   p - +0 buckler {reflect}
rNeg     . . .     Faith    .   m - +0 plate armour
rPois    .         Spirit   .   f - +0 helmet
rElec    .         Reflect  +   o - +2 cloak
rCorr    .         Harm     .   I - +2 pair of gloves
MR       .....     Clarity  +   D - +0 centaur barding
Stlth    ..........             i - amulet of regeneration
HPRegen  0.64/turn              b - ring of flight
MPRegen  0.15/turn              w - ring of Shadows {Umbra +Inv Stlth+}

@: mighty, lethally poisoned (0 -> -85), berserk cooldown, hasted and slowed,
wreathed by umbra, very quick
A: large, hooves 3, camouflage 1, clarity, deformed body, speed 2, tough skin 3
a: Depart the Abyss, Bend Space, Banish, Corrupt, Enter the Abyss, Renounce
Religion, Evoke Invisibility, Evoke Flight


You were on level 10 of the Dungeon.
You worshipped Lugonu.
Lugonu was extremely pleased with you.
You were not hungry.

You visited 1 branch of the dungeon, and saw 10 of its levels.
You visited the Abyss 1 time.
You also visited: Sewer.

You collected 622 gold pieces.
You spent 102 gold pieces at shops.

Inventory:

Hand Weapons
 a - a +3 hand axe of flaming (weapon)
Missiles
 j - 6 tomahawks (quivered)
Armour
 f - a +0 helmet (worn)
 m - a +0 plate armour (worn)
 o - a +2 cloak (worn)
 p - a +0 buckler of reflection (worn)
 D - a +0 centaur barding (worn)
 I - a +2 pair of gloves (worn)
Jewellery
 b - a ring of flight (left hand)
 i - an amulet of regeneration (around neck)
 w - the ring of Shadows (right hand) {Umbra +Inv Stlth+}
   (You found it on level 6 of the Dungeon)

   [ring of stealth]

   It lets you turn invisible.
   It makes you more stealthy.
Wands
 e - a wand of polymorph (15)
 l - a wand of random effects (54)
 q - a wand of flame (13)
 x - a wand of acid (4)
 H - a wand of clouds (5)
Scrolls
 g - 2 scrolls of identify
 h - 2 scrolls of teleportation
 k - 8 scrolls of remove curse
 v - a scroll of magic mapping
Potions
 n - a potion of curing
 r - 2 potions of haste
 s - a potion of lignification
 t - a potion of heal wounds
 u - 2 potions of magic
 z - 2 potions of berserk rage
 B - a potion of cancellation
 C - a potion of resistance {unknown}
 F - a potion of degeneration {unknown}
Comestibles
 c - 18 rations


   Skills:
 + Level 6.3 Fighting
 + Level 8.3 Axes
 + Level 1.0 Throwing
 * Level 7.2 Armour
 * Level 5.0 Dodging
 + Level 1.2 Shields
 * Level 7.5 Invocations
 + Level 1.6 Evocations


You had 10 spell levels left.
You didn't know any spells.
Your spell library contained the following spells:

 Spells                   Type           Power        Failure   Level  Hunger
 Animate Skeleton         Necr           N/A          100%        1    ##.....
 Confusing Touch          Hex            #.....       100%        1    ##.....
 Pain                     Necr           #...         100%        1    ##.....
 Confuse                  Hex            #.......     100%        3    ####...
 Gell's Gravitas          Tloc           #.........   100%        3    ####...
 Regeneration             Chrm/Necr      #.........   100%        3    ####...
 Vampiric Draining        Necr           #.........   100%        3    ####...
 Animate Dead             Necr           N/A          100%        4    #####..
 Petrify                  Tmut/Erth      #.......     100%        4    #####..
 Metabolic Englaciation   Hex/Ice        #.........   100%        5    ######.
 Yara's Violent Unravell  Hex/Tmut       #.........   100%        5    ######.
 Poison Arrow             Conj/Pois      #.........   100%        6    #######
 Chain Lightning          Conj/Air       #.........   100%        8    #######
 Lehudib's Crystal Spear  Conj/Erth      #.........   100%        8    #######
 Fire Storm               Conj/Fire      #.........   100%        9    #######
 Glaciate                 Conj/Ice       #.........   100%        9    #######


Dungeon Overview and Level Annotations

Branches:
Dungeon (10/15)            Temple (0/1) D:7
   Lair: D:8-11         Orc: D:9-12

Altars:
Cheibriados
Dithmenos
Elyvilon
Fedhas
Hepliaklqana
Makhleb
Nemelex Xobeh
Okawaru
Qazlal
Ru
Sif Muna
Trog
Wu Jian
Zin

Shops:
D:7 [

Annotations:
D:3 3 runed translucent doors, PentaManta's ghost, amateur OpFi; Toogi's ghost, weakling FeCj; libidonplus's ghost, amateur TrWz
D:10 Sonja


Innate Abilities, Weirdness & Mutations

You have hooves in place of feet.
Armour fits poorly on your strangely shaped body.
You cover ground very quickly.
You have extremely tough skin. (AC +3)
Your skin changes colour to match your surroundings (Stealth+).
You possess an exceptional clarity of mind.


Message History

You feel very sick.
Sonja hits you with a +1 short sword of venom.
* * * LOW HITPOINT WARNING * * *
You are more poisoned.
Sonja hits you but does no damage.
You are more poisoned.
You block Sonja's attack.
You closely miss Sonja.
Sonja is almost dead.
* * * LOW HITPOINT WARNING * * *
You feel very sick.
Sonja disappears!
Unknown command.
You are no longer berserk.
You are exhausted.
You feel yourself slow down.
* * * LOW HITPOINT WARNING * * *
You feel very sick.
Unknown command.
You die...

#########
#..ยง@..<#
#.####### #.#
.......>.......
.##.....#.##.##
#.##..#..y #
...# .#y #..##
.# .y ... # .


There were no monsters in sight!

Vanquished Creatures
  Gastronok (D:8)
  2 two-headed ogres
  The ghost of tape the Zephyrmancer, a novice TeAE of Vehumet (D:8)
  A hornet (D:7)
  A hippogriff (D:9)
  Sigmund (D:3)
  2 soldier ants (D:8)
  A water moccasin (D:8)
  An ice beast (D:5)
  A hornet zombie (D:6)
  4 sky beasts
  An orc warrior (D:8)
  A black bear (D:8)
  A phantom (D:9)
  7 ogres
  3 centaurs
  3 bullfrogs
  A wyvern skeleton (D:6)
  4 scorpions
  3 killer bees (D:10)
  A howler monkey (D:5)
  4 crimson imps
  2 bullfrog zombies
  4 jellies
  9 orc wizards
  2 orc priests
  2 iguanas (D:9)
  Crazy Yiuf (D:3)
  A bullfrog skeleton (D:7)
  2 centaur skeletons
  Ijyb (D:3)
  Natasha (thrice) (D:3)
  12 worker ants
  A killer bee zombie (D:8)
  A hound skeleton (D:4)
  A worker ant zombie (D:7)
  Robin (D:3)
  8 adders
  A shadow imp (D:9)
  2 adder zombies
  An adder skeleton (D:6)
  4 worms
  7 leopard geckos
  26 orcs
  7 ball pythons
  4 giant cockroaches
  19 goblins
  5 hobgoblins
  16 jackals
  13 kobolds
  5 quokkas
  4 bats
  14 frilled lizards
  A leopard gecko zombie (D:7)
  9 rats
  A plant (Sewer)
235 creatures vanquished.

Vanquished Creatures (others)
  An orc priest (D:8)
  2 withered plants (D:3)
3 creatures vanquished.

Grand Total: 238 creatures vanquished

Notes
Turn   | Place    | Note
-------+----------+-------------------------------------------
     0 | Abyss:1  | Gargoyl the Centaur Abyssal Knight began the quest for the
                  | Orb.
     0 | Abyss:1  | Reached XP level 1. HP: 19/19 MP: 2/2
    37 | Abyss:2  | Found a corrupted altar of Lugonu.
    39 | Abyss:2  | Found a shattered altar of Ashenzari.
    57 | Abyss:2  | Noticed a blink frog
   102 | Abyss:3  | Noticed a chaos spawn
   150 | Abyss:3  | Noticed a guardian serpent
   151 | D:1      | Escaped the Abyss
   235 | D:1      | Reached * piety under Lugonu
   349 | D:1      | Reached XP level 2. HP: 26/26 MP: 3/3
   861 | D:1      | Reached skill level 1 in Dodging
  1097 | D:2      | Reached skill level 2 in Axes
  1110 | D:2      | Reached XP level 3. HP: 5/31 MP: 4/4
  2082 | D:2      | Reached ** piety under Lugonu
  2503 | D:3      | Noticed Sigmund
  2535 | D:3      | Killed Sigmund
  2535 | D:3      | Reached skill level 3 in Axes
  2535 | D:3      | Reached XP level 4. HP: 9/40 MP: 4/6
  2535 | D:3      | Reached XP level 5. HP: 10/46 MP: 4/7
  2636 | D:3      | Found a runed translucent gate.
  2646 | D:3      | Found a blossoming altar of Fedhas.
  2651 | D:3      | Noticed Ijyb
  2666 | D:3      | Noticed Robin
  2683 | D:3      | Killed Ijyb
  2693 | D:3      | Killed Robin
  2693 | D:3      | Reached XP level 6. HP: 44/52 MP: 8/8
  2728 | D:3      | Found a stormy altar of Qazlal.
  2761 | D:3      | Noticed Natasha
  2770 | D:3      | Killed Natasha
  2826 | D:3      | Noticed Natasha
  2842 | D:3      | Killed Natasha
  3039 | D:3      | Found a runed translucent door.
  3040 | D:3      | Noticed Crazy Yiuf
  3086 | D:3      | Found a runed translucent gate.
  3087 | D:3      | Found a runed translucent gate.
  3089 | D:3      | Noticed PentaManta's ghost (amateur OpFi)
  3089 | D:3      | Noticed Toogi's ghost (weakling FeCj)
  3089 | D:3      | Noticed libidonplus's ghost (amateur TrWz)
  3174 | D:3      | Noticed Natasha
  3184 | D:3      | Killed Natasha
  3484 | D:3      | Gained mutation: Your skin changes colour to match your
                  | surroundings (Stealth+). [potion of mutation]
  3484 | D:3      | Gained mutation: You possess an exceptional clarity of
                  | mind. [potion of mutation]
  3503 | D:3      | Killed Crazy Yiuf
  3975 | D:4      | Reached *** piety under Lugonu
  4266 | D:4      | Reached XP level 7. HP: 56/59 MP: 9/9
  4362 | D:4      | Reached skill level 4 in Axes
  4444 | D:5      | Entered Level 5 of the Dungeon
  4963 | D:5      | Found a hazy altar of Hepliaklqana.
  5006 | D:5      | Found a glowing drain.
  5017 | Sewer    | Entered a sewer
  5803 | D:5      | Reached XP level 8. HP: 33/67 MP: 11/11
  5805 | D:5      | Reached **** piety under Lugonu
  6225 | D:5      | Reached skill level 5 in Axes
  6659 | D:6      | Found a white marble altar of Elyvilon.
  6663 | D:6      | Found a sparkling altar of Nemelex Xobeh.
  6769 | D:6      | Found a glowing silver altar of Zin.
  6794 | D:6      | Found the ring of Shadows {Umbra +Inv Stlth+}
  6992 | D:6      | Found a deep blue altar of Sif Muna.
  7134 | D:6      | You fall through a shaft for 2 floors!
  7137 | D:8      | Found a transporter.
  7140 | D:8      | Identified the +5 dire flail of the Firefly {crush, Str+5}
  7140 | D:8      | Identified the +2 dire flail of Qioddyn {holy, rElec Int+2
                  | Dex+2}
  7140 | D:8      | Noticed a two-headed ogre
  7141 | D:8      | Noticed tape's ghost (novice TeAE)
  7144 | D:8      | Found a transporter.
  7210 | D:8      | Reached skill level 5 in Invocations
  7346 | D:8      | Reached skill level 6 in Axes
  7459 | D:8      | Found a sacrificial altar of Ru.
  7496 | D:8      | Found a bloodstained altar of Trog.
  7555 | D:8      | Reached XP level 9. HP: 70/73 MP: 12/12
  7594 | D:8      | Found a shadowy altar of Dithmenos.
  7667 | D:7      | Found Xifekk's Armour Shop.
  7677 | D:7      | Bought a +0 buckler of reflection for 102 gold pieces
  7851 | D:6      | Reached skill level 5 in Fighting
  7851 | D:6      | Reached skill level 5 in Armour
  8155 | D:7      | Found an iron altar of Okawaru.
  8846 | D:7      | Found a staircase to the Ecumenical Temple.
  8903 | D:8      | Noticed a two-headed ogre
  8925 | D:7      | Killed a two-headed ogre
  8925 | D:7      | Reached skill level 1 in Evocations
  8977 | D:8      | Noticed Gastronok
  9006 | D:8      | Killed Gastronok
  9006 | D:8      | Reached skill level 7 in Axes
  9006 | D:8      | Reached XP level 10. HP: 44/83 MP: 14/14
  9051 | D:7      | Reached skill level 1 in Throwing
  9329 | D:8      | Reached ***** piety under Lugonu
  9776 | D:8      | Found a burning altar of Makhleb.
 10264 | D:8      | Killed tape's ghost
 10264 | D:8      | Reached skill level 1 in Shields
 10307 | D:8      | Killed a two-headed ogre
 10307 | D:8      | Reached skill level 8 in Axes
 10649 | D:9      | Found a snail-covered altar of Cheibriados.
 10690 | D:9      | Found a snail-covered altar of Cheibriados.
 10761 | D:9      | Reached skill level 5 in Dodging
 10960 | D:9      | Reached XP level 11. HP: 88/89 MP: 16/16
 11036 | D:9      | Found an ornate altar of the Wu Jian Council.
 11202 | D:10     | Entered Level 10 of the Dungeon
 11273 | D:10     | Noticed Sonja
 11677 | D:10     | Succumbed to Sonja's poison

Skill      XL: |  1  2  3  4  5  6  7  8  9 10 |
---------------+-------------------------------+-----
Dodging        | 1 2 3 4 5 |  5.0
Axes           | 2 3 4 6 7 8 |  8.3
Armour         | 2 3 4 6 7 |  7.2
Fighting       | 4 5 6 |  6.3
Invocations    | 3 4 5 6 7 |  7.5
Evocations     | 1 |  1.6
Throwing       | 1 |  1.0
Shields        | 1 |  1.2

Action                   |  1- 3 |  4- 6 |  7- 9 | 10-12 || total
-------------------------+-------+-------+-------+-------++-------
Melee: Hand axe          |    96 |   152 |   428 |   428 ||  1104
       Kick              |     9 |    35 |   126 |    87 ||   257
Throw: Tomahawk          |       |       |     5 |     4 ||     9
Invok: Depart the Abyss  |     1 |       |       |       ||     1
       Banish            |       |       |       |     1 ||     1
Evoke: Wand              |       |       |    13 |     1 ||    14
  Use: Scroll            |    10 |     1 |    11 |     1 ||    23
       Potion            |     3 |     4 |     2 |     8 ||    17
 Stab: Sleeping          |       |       |     3 |       ||     3
  Eat: Chunk             |     2 |     3 |     9 |     7 ||    21
       Ration            |       |     1 |     1 |     1 ||     3
Armor: Ring mail         |    38 |    55 |   139 |       ||   232
       Skin              |    10 |       |       |       ||    10
       Plate armour      |       |       |    90 |   419 ||   509
Dodge: Dodged            |    40 |    61 |   154 |    62 ||   317
Block: Buckler           |       |       |    20 |    64 ||    84
       Reflection        |       |       |       |     1 ||     1
